 Dungeon Crawl Stone Soup version 0.28-a0-556-gab23d0e057 (webtiles) character file.

Game seed: 3726229389791246100

557 BR41ND34D the Caller (level 7, 0/46 HPs)
             Began as a Vampire Summoner on Sept 29, 2021.
             Succumbed to a gnoll's poison
             ... on level 4 of the Dungeon.
             The game lasted 00:23:35 (2659 turns).

BR41ND34D the Caller (Vampire Summoner)             Turns: 2659, Time: 00:23:36

Health: 0/46       AC:  2    Str:  7    XL:     7   Next: 9%
Magic:  10/13      EV: 13    Int: 19    God:
Gold:   139        SH:  0    Dex: 15    Spells: 4/14 levels left

rFire   . . .      SeeInvis +   b - +0 dagger
rCold   . . .      Faith    .   (no shield)
rNeg    + . .      Spirit   .   a - +0 robe
rPois   .          Reflect  .   (no helmet)
rElec   .          Harm     .   (no cloak)
rCorr   .          Rampage  .   (no gloves)
Will    .....                   (no boots)
Stlth   +++.......              (no amulet)
HPRegen 0.35/turn               i - ring of positive energy
MPRegen 0.13/turn               (no ring)

@: lethally poisoned (0 -> -3), healing quickly
A: alive, fangs 3, see invisible, vampiric 2
a: Exsanguinate


You were on level 4 of the Dungeon.
You visited 1 branch of the dungeon, and saw 4 of its levels.

You collected 139 gold pieces.

Inventory:

Hand Weapons
 b - a +0 dagger (weapon)
Armour
 a - a +0 robe (worn)
Jewellery
 i - a ring of positive energy (left hand)
Scrolls
 c - a scroll of immolation {unknown}
 e - a scroll of magic mapping {unknown}
 g - a scroll of blinking {unknown}
 h - 2 scrolls of identify {unknown}


   Skills:
 + Level 4.0 Dodging
 + Level 5.5 Stealth
 * Level 4.4 Spellcasting
 * Level 5.9 Summonings


You had 4 spell levels left.
You knew the following spells:

 Your Spells              Type           Power      Damage    Failure   Level
a - Summon Small Mammal   Summ           100%       N/A       1%          1
b - Call Imp              Summ           26%        N/A       1%          2
c - Call Canine Familiar  Summ           26%        N/A       3%          3
d - Summon Lightning Spi  Summ/Air       15%        N/A       36%         4

Your spell library contained the following spells:

 Spells                   Type           Power      Damage    Failure   Level
 Summon Guardian Golem    Hex/Summ       15%        N/A       12%         3
 Corpse Rot               Necr/Air       N/A        N/A       21%         2
 Sublimation of Blood     Necr           2%         N/A       21%         2
 Animate Armour           Summ/Erth      30%        N/A       36%         4
 Agony                    Necr           4%         N/A       98%         5
 Excruciating Wounds      Necr           2%         N/A       98%         5
 Orb of Destruction       Conj           2%         9d1       100%        7
 Spellforged Servitor     Conj/Summ      7%         N/A       100%        7


Dungeon Overview and Level Annotations

Branches:
Dungeon (4/15)
 Temple: D:4-7

Altars:
Trog
Wu Jian


Innate Abilities, Weirdness & Mutations

Your natural rate of healing is accelerated.
You have razor-sharp teeth.
You have supernaturally acute eyesight. (SInv)
You are afflicted with vampirism and can become a bat while bloodless.


Message History

You feel very sick.
Your hound barely misses the gnoll.
Your shadow imp closely misses the gnoll.
The gnoll hits you with a +0 flail.
The gnoll hits you from afar with a +0 spear of venom.
You are lethally poisoned!
You feel very sick.
Your shadow imp closely misses the gnoll.
The gnoll misses your shadow imp.
You aren't carrying any potions.
* * * LOW HITPOINT WARNING * * *
You feel very sick.
Your shadow imp hits the gnoll.
Something closely misses your shadow imp.
* * * LOW HITPOINT WARNING * * *
You feel very sick.
Your shadow imp gestures at the gnoll.
The giant cockroach writhes in agony!
The giant cockroach dies!
Something misses your shadow imp.
* * * LOW HITPOINT WARNING * * *
You feel sick. The gnoll misses you.
* * * LOW HITPOINT WARNING * * *
You feel very sick. The gnoll hits you but does no damage.
* * * LOW HITPOINT WARNING * * *
You feel sick.
Your shadow imp hits the gnoll.
The gnoll hits your shadow imp but does no damage.
The gnoll barely misses your shadow imp.
* * * LOW HITPOINT WARNING * * *
You feel sick.
Your hound closely misses the gnoll.
Your shadow imp hits the gnoll but does no damage.
The gnoll barely misses your shadow imp.
Your hound bites the gnoll but does no damage.
The gnoll hits your shadow imp with a +0 spear of venom.
Your shadow imp dies!
Your shadow imp disappears in a puff of smoke!
The gnoll shouts!
Unknown command.
You die...

##.................
#..................
...#................
.....#.....##.....##.
......#.#####.##.##
......#.# #...# .# .#
# #.####.##..#.
#.###.###........
#.))..g§g@.#
.......##h####..$....
....#................
..[...###.#####.#....
. .... ..# .. .#.
.....# ### ... #
....# ... ...# ...#


You could see 2 gnolls and a friendly hound (summoned).

Vanquished Creatures
  A hound skeleton (D:4)
  A gnoll (D:4)
  2 adders
  A worm (D:2)
  2 dart slugs
  An orc (D:3)
  4 ball pythons
  An endoplasm (D:3)
  A giant cockroach (D:3)
  2 kobolds
  4 bats
  5 rats
25 creatures vanquished.

Vanquished Creatures (collateral kills)
  Grinder (D:4)
  An ogre (D:3)
  A scorpion (D:4)
  A gnoll shaman (D:4)
  6 adders
  2 worms
  8 ball pythons
  5 bats
  3 endoplasms
  3 giant cockroaches
  6 hobgoblins
  6 jackals
  3 frilled lizards
  4 goblins
  6 kobolds
  A quokka skeleton (D:4)
  2 rats (D:2)
59 creatures vanquished.

Grand Total: 84 creatures vanquished

Notes
Turn   | Place    | Note
-------+----------+-------------------------------------------
     0 | D:1      | BR41ND34D the Vampire Summoner began the quest for the Orb.
     0 | D:1      | Reached XP level 1. HP: 13/13 MP: 3/3
   205 | D:1      | Found a faded altar of an unknown god.
   226 | D:1      | Reached XP level 2. HP: 14/19 MP: 1/5
   279 | D:1      | Learned a level 2 spell: Call Imp
   352 | D:1      | Got Fosue's Reference Book on Stones and Evil
   595 | D:2      | Gained mutation: You are afflicted with vampirism and can
                  | become a bat while bloodless. [Vampire growth]
   595 | D:2      | Reached XP level 3. HP: 4/24 MP: 4/6
   836 | D:2      | Reached XP level 4. HP: 30/30 MP: 5/8
   937 | D:2      | Found a bloodstained altar of Trog.
  1395 | D:3      | Noticed an ogre
  1406 | D:3      | Killed an ogre
  1407 | D:3      | Reached skill level 5 in Summonings
  1407 | D:3      | Reached XP level 5. HP: 35/35 MP: 5/10
  1721 | D:3      | Found an ornate altar of the Wu Jian Council.
  2304 | D:4      | Noticed Grinder
  2305 | D:4      | Paralysed by Grinder for 3 turns
  2353 | D:4      | Paralysed by Grinder for 4 turns
  2364 | D:4      | Paralysed by Grinder for 3 turns
  2381 | D:4      | Killed Grinder
  2382 | D:4      | Reached skill level 5 in Stealth
  2382 | D:4      | Reached XP level 6. HP: 19/41 MP: 5/12
  2456 | D:4      | Learned a level 3 spell: Call Canine Familiar
  2498 | D:4      | HP: 2/41 [poisoned by an adder]
  2538 | D:4      | Reached XP level 7. HP: 25/46 MP: 3/13
  2626 | D:4      | Learned a level 4 spell: Summon Lightning Spire
  2658 | D:4      | HP: 1/46 [poisoned by a gnoll]
  2659 | D:4      | Succumbed to a gnoll's poison

Illustrated notes

Levels and vault maps discovered:
D:1:      dpeg_arrival_radiant, layout_rooms,
          ebering_ecumenical_altar_sacrificial
D:2:      layout_rooms, basic_altar, minmay_guardbox
D:3:      minmay_skewed_foursquare, layout_rooms,
          nicolae_wu_jian_immortal_techniques, grunt_ministairs_8,
          minmay_cut_off
D:4:      layout_rooms, uniq_grinder

Skill      XL: |  1  2  3  4  5  6  7 |
---------------+----------------------+-----
Spellcasting   | 3 4 |  4.4
Stealth        | 4 5 |  5.5
Dodging        | 3 4 |  4.0
Summonings     | 5 |  5.9

Action                   |  1- 3 |  4- 6 |  7- 9 || total
-------------------------+-------+-------+-------++-------
Melee: Dagger            |    42 |   131 |     8 ||   181
       Unarmed           |     8 |       |       ||     8
       Bite              |     7 |    12 |       ||    19
 Cast: Summon Small Mamm |    12 |    22 |       ||    34
       Call Imp          |     8 |    19 |     1 ||    28
       Call Canine Famil |       |     3 |     1 ||     4
  Use: Potion            |     2 |     3 |       ||     5
 Stab: Sleeping          |       |     4 |     1 ||     5
Armor: Robe              |    16 |    27 |     1 ||    44
Dodge: Dodged            |    45 |    89 |     6 ||   140

Table legend: (Time is in decaauts)
 A = Elapsed time spent in this place.
 B = Non-inter-level travel time spent in this place.
 C = Inter-level travel time spent in this place.
 D = Time resting spent in this place.
 E = Time spent auto-exploring this place.
 F = Levels seen in this place.
 G = Mean time per level.
                   A        B        C        D        E       F      G
               +--------+--------+--------+--------+--------+-----+--------+
         Total |   2667 |   2569 |     98 |    436 |   1247 |   4 |  666.8 |
       Dungeon |   2667 |   2569 |     98 |    436 |   1247 |   4 |  666.8 |
               +--------+--------+--------+--------+--------+-----+--------+

Top non-repeatable levels by time:
     D:3: 892 daAuts
     D:2: 770 daAuts
     D:1: 551 daAuts
     D:4: 452 daAuts
